PL
WIZARDING EXPRESS @ BOSTON PATRIOTS
06/10/2027
 
TOP OF THE 1ST
Wizarding Express batting - Pitching for Boston Patriots : RHP Jorge Aguirre
Pitching: RHP Jorge Aguirre
Batting: RHB António Martínez 0-0: Ball
1-0: SINGLE (Groundball, 6D)
Batting: SHB Salvador Trevino 0-0: Ball
1-0: Foul Ball, location: 2F
1-1: Ball
2-1: Foul Ball, location: 2F
2-2: Foul Ball, location: 2F
2-2: Ball
3-2: Fly out, F8 (Flyball, 78XD)
Batting: LHB José Corona 0-0: Called Strike
0-1: Foul Ball, location: 2F
0-2: Ball
António Martínez is caught stealing 2nd base
1-2: Ball
2-2: Foul Ball, location: 2F
2-2: Ball
3-2: DOUBLE (Flyball, 8LXD)
Batting: LHB Nathan Tanner 0-0: 2-RUN HOME RUN (Flyball, 7D), Distance : 388 ft
Batting: SHB Fernando Sánchez 0-0: Called Strike
0-1: Ball
1-1: Swinging Strike
1-2: Strikes out swinging
Top of the 1st over - 2 run(s), 3 hit(s), 0 error(s), 0 left on base; Wizarding 2 - Boston 0
BOTTOM OF THE 1ST
Boston Patriots batting - Pitching for Wizarding Express : RHP Ralph McKinney
Pitching: RHP Ralph McKinney
Batting: RHB Terry Armstrong 0-0: Foul Ball, location: 2F
0-1: Ball
1-1: Ball
2-1: Ball
3-1: Base on Balls
Batting: LHB Alberto Enríquez 0-0: Ball
1-0: Called Strike
1-1: DOUBLE (Flyball, 8LXD)
Terry Armstrong to third
Batting: RHB Tamasaburo Kato 0-0: Called Strike
0-1: Ball
1-1: Foul Ball, location: 2F
1-2: Foul Ball, location: 2F
1-2: Ball
2-2: Ball
3-2: DOUBLE (Line Drive, 8RD)
Terry Armstrong scores
Alberto Enríquez scores
Batting: RHB Joseph Papasogli 0-0: Foul Ball, location: 2F
0-1: SINGLE (Line Drive, 78S)
Tamasaburo Kato to third
Batting: RHB Karl Schultz 0-0: Ball
1-0: Ball
2-0: Ball
3-0: Swinging Strike
3-1: Fly out, F4 (Line Drive, 4D)
Batting: SHB Jorge Velázquez 0-0: Ball
1-0: Swinging Strike
1-1: Foul Ball, location: 2F
1-2: Ball
2-2: Ball
3-2: Strikes out looking
Batting: LHB Bill Chambers 0-0: Called Strike
0-1: Ball
1-1: Ball
2-1: SINGLE (Line Drive, 7LS)
Tamasaburo Kato scores
Joseph Papasogli to second
Runner from 2nd tries for 3rd, OUT!
Bottom of the 1st over - 3 run(s), 4 hit(s), 0 error(s), 1 left on base; Wizarding 2 - Boston 3
TOP OF THE 2ND
Wizarding Express batting - Pitching for Boston Patriots : RHP Jorge Aguirre
Batting: RHB Rafael Arredondo 0-0: Ball
1-0: Called Strike
1-1: Fly out, F9 (Flyball, 9S)
Batting: RHB Chi-ju Zhang 0-0: Ball
1-0: Ball
2-0: Called Strike
2-1: Foul Ball, location: 2F
2-2: Strikes out swinging, 2-3 out at first.
Batting: SHB Félix Cruz 0-0: Ball
1-0: Ball
2-0: Foul Ball, location: 2F
2-1: Foul Ball, location: 2F
2-2: Foul Ball, location: 2F
2-2: Foul Ball, location: 2F
2-2: Foul Ball, location: 2F
2-2: Ball
3-2: Strikes out swinging
Top of the 2nd over - 0 run(s), 0 hit(s), 0 error(s), 0 left on base; Wizarding 2 - Boston 3
BOTTOM OF THE 2ND
Boston Patriots batting - Pitching for Wizarding Express : RHP Ralph McKinney
Batting: LHB Timmy Appeldoorn 0-0: Called Strike
0-1: Ball
1-1: SINGLE (Line Drive, 4D)
Batting: RHB Miguel Márquez 0-0: Ball
1-0: Swinging Strike
1-1: Called Strike
1-2: Ball
2-2: Fly out, F9 (Flyball, 9S)
Batting: RHB Terry Armstrong 0-0: Called Strike
0-1: Ball
1-1: Ball
2-1: DOUBLE (Flyball, 78D)
Timmy Appeldoorn to third
Batting: LHB Alberto Enríquez 0-0: Ball
1-0: Foul Ball, location: 2F
1-1: Ball
2-1: Fly out, F7 (Line Drive, 7)
Runner from 3rd tags up, SCORES, throw made
Batting: RHB Tamasaburo Kato 0-0: Ball
1-0: Ball
2-0: Ball
3-0: Base on Balls
Batting: RHB Joseph Papasogli 0-0: Called Strike
0-1: Called Strike
0-2: Foul Ball, location: 2F
0-2: Foul Ball, location: 2F
0-2: Fly out, F9 (Flyball, 9LMF)
Bottom of the 2nd over - 1 run(s), 2 hit(s), 0 error(s), 2 left on base; Wizarding 2 - Boston 4
TOP OF THE 3RD
Wizarding Express batting - Pitching for Boston Patriots : RHP Jorge Aguirre
Batting: SHB Emílio Gonzáles 0-0: Swinging Strike
0-1: Fly out, F7 (Flyball, 7LS)
Batting: RHB António Martínez 0-0: Ball
1-0: Called Strike
1-1: Fly out, F8 (Flyball, 78D)
Batting: SHB Salvador Trevino 0-0: Foul Ball, location: 2F
0-1: Foul Ball, location: 2F
0-2: Ball
1-2: Strikes out looking
Top of the 3rd over - 0 run(s), 0 hit(s), 0 error(s), 0 left on base; Wizarding 2 - Boston 4
BOTTOM OF THE 3RD
Boston Patriots batting - Pitching for Wizarding Express : RHP Ralph McKinney
Batting: RHB Karl Schultz 0-0: Called Strike
0-1: Called Strike
0-2: Ball
1-2: Strikes out swinging
Batting: SHB Jorge Velázquez 0-0: Ball
1-0: SINGLE (Flyball, 89S)
Batting: LHB Bill Chambers 0-0: Called Strike
0-1: Fly out, F7 (Line Drive, 7LS)
Batting: LHB Timmy Appeldoorn 0-0: Called Strike
0-1: Called Strike
0-2: Foul Ball, location: 2F
0-2: Ball
1-2: Ball
2-2: Foul Ball, location: 2F
2-2: Foul Ball, location: 2F
2-2: Strikes out looking
Bottom of the 3rd over - 0 run(s), 1 hit(s), 0 error(s), 1 left on base; Wizarding 2 - Boston 4
TOP OF THE 4TH
Wizarding Express batting - Pitching for Boston Patriots : RHP Jorge Aguirre
Batting: LHB José Corona 0-0: Ball
1-0: Ball
2-0: Ball
3-0: Base on Balls
Batting: LHB Nathan Tanner 0-0: Ball
1-0: Fly out, F9 (Flyball, 9D)
Batting: SHB Fernando Sánchez 0-0: Ball
1-0: Foul Ball, location: 2F
1-1: Foul Ball, location: 2F
1-2: Foul Ball, location: 2F
1-2: Foul Ball, location: 2F
1-2: Fly out, F8 (Flyball, 8RM)
Batting: RHB Rafael Arredondo 0-0: Called Strike
José Corona steals 2nd base
0-1: Ground out 6-3 (Groundball, 6S)
Top of the 4th over - 0 run(s), 0 hit(s), 0 error(s), 1 left on base; Wizarding 2 - Boston 4
BOTTOM OF THE 4TH
Boston Patriots batting - Pitching for Wizarding Express : RHP Ralph McKinney
Batting: RHB Miguel Márquez 0-0: Ball
1-0: Swinging Strike
1-1: SINGLE (Line Drive, 7S)
Batting: RHB Terry Armstrong 0-0: Ball
1-0: Ball
2-0: Swinging Strike
2-1: SINGLE (Line Drive, 6D)
Miguel Márquez to second
Batting: LHB Alberto Enríquez 0-0: Ball
1-0: Foul Ball, location: 2F
1-1: Called Strike
1-2: Strikes out swinging
Batting: RHB Tamasaburo Kato 0-0: Called Strike
0-1: SINGLE (Line Drive, 89S)
Miguel Márquez to third
Terry Armstrong to second
Runner from 3rd tries for Home, SAFE, no throw
Pitching: RHP Francis Cahill
Batting: RHB Joseph Papasogli 0-0: Foul Ball, location: 2F
0-1: Ball
1-1: Fielders Choice at 2nd, 5-4 (Groundball, 56)
Terry Armstrong to third
Batting: RHB Karl Schultz 0-0: Ball
1-0: Fly out, F7 (Flyball, 78M)
Bottom of the 4th over - 1 run(s), 3 hit(s), 0 error(s), 2 left on base; Wizarding 2 - Boston 5
TOP OF THE 5TH
Wizarding Express batting - Pitching for Boston Patriots : RHP Jorge Aguirre
Batting: RHB Chi-ju Zhang 0-0: Ball
1-0: Foul Ball, location: 2F
1-1: Fly out, F9 (Flyball, 9S)
Batting: SHB Félix Cruz 0-0: Ball
1-0: Fly out, F4 (Popup, 4D)
Batting: SHB Emílio Gonzáles 0-0: Called Strike
0-1: Ball
1-1: Foul Ball, location: 2F
1-2: Ball
2-2: Strikes out swinging
Top of the 5th over - 0 run(s), 0 hit(s), 0 error(s), 0 left on base; Wizarding 2 - Boston 5
BOTTOM OF THE 5TH
Boston Patriots batting - Pitching for Wizarding Express : RHP Francis Cahill
Batting: SHB Jorge Velázquez 0-0: Ground out 6-3 (Groundball, 6)
Batting: LHB Bill Chambers 0-0: Called Strike
0-1: Foul Ball, location: 2F
0-2: Foul Ball, location: 2F
0-2: Strikes out swinging
Batting: LHB Timmy Appeldoorn 0-0: Called Strike
0-1: Ball
1-1: Swinging Strike
1-2: Ball
2-2: Foul Ball, location: 2F
2-2: Strikes out swinging
Bottom of the 5th over - 0 run(s), 0 hit(s), 0 error(s), 0 left on base; Wizarding 2 - Boston 5
TOP OF THE 6TH
Wizarding Express batting - Pitching for Boston Patriots : RHP Jorge Aguirre
Batting: RHB António Martínez 0-0: Ball
1-0: Ball
2-0: Called Strike
2-1: Reached on error, E4 (Groundball, 4)
Batting: SHB Salvador Trevino 0-0: Swinging Strike
0-1: Fly out, F8 (Flyball, 8LS)
Batting: LHB José Corona 0-0: Ball
1-0: Ball
2-0: Fielders Choice at 2nd, 4-6 (Groundball, 4)
Batting: LHB Nathan Tanner 0-0: Ball
1-0: Ball
2-0: Ball
3-0: Called Strike
3-1: Foul Ball, location: 2F
3-2: Foul Ball, location: 2F
3-2: 2-RUN HOME RUN (Line Drive, 9D), Distance : 432 ft
Batting: SHB Fernando Sánchez 0-0: Called Strike
0-1: Ball
1-1: SINGLE (Line Drive, 34D)
Pitching: RHP Kyung-un Yi
Batting: RHB Rafael Arredondo 0-0: Ball
1-0: Fielders Choice at 2nd, 5-4 (Groundball, 5)
Top of the 6th over - 2 run(s), 2 hit(s), 1 error(s), 0 left on base; Wizarding 4 - Boston 5
BOTTOM OF THE 6TH
Boston Patriots batting - Pitching for Wizarding Express : RHP Francis Cahill
Batting: RHB Miguel Márquez 0-0: Called Strike
0-1: Ball
1-1: Fly out, F5 (Line Drive, 56S)
Batting: RHB Terry Armstrong 0-0: Called Strike
0-1: Ball
1-1: Ball
2-1: Ball
3-1: Foul Ball, location: 2F
3-2: Fly out, F4 (Line Drive, 4MD)
Batting: LHB Alberto Enríquez 0-0: SINGLE (Flyball, 7LS)
Batting: RHB Tamasaburo Kato 0-0: Swinging Strike
0-1: Called Strike
0-2: Ball
1-2: Foul Ball, location: 2F
1-2: Fly out, F9 (Flyball, 9)
Bottom of the 6th over - 0 run(s), 1 hit(s), 0 error(s), 1 left on base; Wizarding 4 - Boston 5
TOP OF THE 7TH
Wizarding Express batting - Pitching for Boston Patriots : RHP Kyung-un Yi
Batting: RHB Chi-ju Zhang 0-0: Swinging Strike
0-1: Ball
1-1: Foul Ball, location: 2F
1-2: Strikes out swinging
Batting: SHB Félix Cruz 0-0: Foul Ball, location: 2F
0-1: Ground out 1-3 (Groundball, 13S)
Batting: SHB Emílio Gonzáles 0-0: Called Strike
0-1: Foul Ball, location: 2F
0-2: Ball
1-2: Foul Ball, location: 2F
1-2: Strikes out swinging
Top of the 7th over - 0 run(s), 0 hit(s), 0 error(s), 0 left on base; Wizarding 4 - Boston 5
BOTTOM OF THE 7TH
Boston Patriots batting - Pitching for Wizarding Express : RHP Francis Cahill
Batting: RHB Joseph Papasogli 0-0: Fly out, F6 (Line Drive, 6D)
Batting: RHB Karl Schultz 0-0: Foul Ball, location: 2F
0-1: SINGLE (Groundball, 56D)
Batting: SHB Jorge Velázquez 0-0: Fly out, F6 (Line Drive, 6M)
Batting: LHB Bill Chambers 0-0: Swinging Strike
0-1: Foul Ball, location: 2F
0-2: Foul Ball, location: 2F
0-2: Ball
Wild Pitch!
Karl Schultz to second
1-2: Ball
2-2: Ball
3-2: DOUBLE (Flyball, 8RXD)
Karl Schultz scores
Batting: LHB Timmy Appeldoorn 0-0: Ball
1-0: Ground out 4-3 (Groundball, 34)
Bottom of the 7th over - 1 run(s), 2 hit(s), 0 error(s), 1 left on base; Wizarding 4 - Boston 6
TOP OF THE 8TH
Wizarding Express batting - Pitching for Boston Patriots : RHP Kyung-un Yi
Batting: RHB António Martínez 0-0: SINGLE (Line Drive, 4D)
Pitching: RHP Folkert van Huizen
Batting: SHB Salvador Trevino 0-0: Ball
1-0: Ball
2-0: Ball
3-0: Base on Balls
António Martínez to second
Batting: LHB José Corona 0-0: Ball
1-0: Foul Ball, location: 2F
1-1: Ball
Salvador Trevino steals 2nd base
António Martínez to third
2-1: DOUBLE (Line Drive, 78D)
António Martínez scores
Salvador Trevino scores
Batting: LHB Nathan Tanner 0-0: Intentional Walk
Batting: SHB Fernando Sánchez 0-0: Ball
1-0: Swinging Strike
1-1: Foul Ball, location: 2F
1-2: Foul Ball, location: 2F
1-2: Strikes out swinging
Batting: RHB Rafael Arredondo 0-0: Foul Ball, location: 2F
0-1: Ball
1-1: Ball
2-1: Grounds into double play, 6-4-3 (Groundball, 6)
Top of the 8th over - 2 run(s), 2 hit(s), 0 error(s), 1 left on base; Wizarding 6 - Boston 6
BOTTOM OF THE 8TH
Boston Patriots batting - Pitching for Wizarding Express : RHP Francis Cahill
Batting: RHB Miguel Márquez 0-0: Ball
1-0: Ball
2-0: Fly out, F2 (Popup, 3S)
Batting: RHB Terry Armstrong 0-0: Foul Ball, location: 2F
0-1: Reached on error, E6 (Groundball, 6S)
Batting: LHB Alberto Enríquez 0-0: Ground out 3-1 (Groundball, 34)
Terry Armstrong to third
Batting: RHB Tamasaburo Kato 0-0: Ball
1-0: Swinging Strike
1-1: Ball
2-1: Foul Ball, location: 2F
2-2: Ball
3-2: Fly out, F9 (Flyball, 9S)
Bottom of the 8th over - 0 run(s), 0 hit(s), 1 error(s), 1 left on base; Wizarding 6 - Boston 6
TOP OF THE 9TH
Wizarding Express batting - Pitching for Boston Patriots : RHP Folkert van Huizen
Pitching: RHP Kirby Brown
Batting: RHB Chi-ju Zhang 0-0: Fly out, F9 (Flyball, 9)
Pinch Hitting: LHB Ken Watanabe 0-0: Ball
1-0: Called Strike
1-1: Called Strike
1-2: Ball
2-2: Foul Ball, location: 2F
2-2: Strikes out swinging
Batting: SHB Emílio Gonzáles 0-0: Called Strike
0-1: Swinging Strike
0-2: Strikes out looking
Top of the 9th over - 0 run(s), 0 hit(s), 0 error(s), 0 left on base; Wizarding 6 - Boston 6
BOTTOM OF THE 9TH
Boston Patriots batting - Pitching for Wizarding Express : RHP Francis Cahill
Pitching: LHP Eijiro Takahashi
Now at C: Teruo Nakayama
Pinch Hitting: RHB John Downing 0-0: Called Strike
0-1: Foul Ball, location: 2F
0-2: Ball
1-2: Strikes out swinging
Batting: RHB Karl Schultz 0-0: Called Strike
0-1: Called Strike
0-2: Ball
1-2: Ball
2-2: Ground out 5-3 (Groundball, 5S)
Batting: SHB Jorge Velázquez 0-0: Called Strike
0-1: Fly out, F5 (Popup, 5L)
Bottom of the 9th over - 0 run(s), 0 hit(s), 0 error(s), 0 left on base; Wizarding 6 - Boston 6
TOP OF THE 10TH
Wizarding Express batting - Pitching for Boston Patriots : RHP Kirby Brown
Now in LF: John Downing
Batting: RHB António Martínez 0-0: Called Strike
0-1: Foul Ball, location: 2F
0-2: Ball
1-2: Strikes out swinging
Batting: SHB Salvador Trevino 0-0: Called Strike
0-1: Foul Ball, location: 2F
0-2: Ball
1-2: Ball
2-2: Foul Ball, location: 2F
2-2: Foul Ball, location: 2F
2-2: Ball
3-2: Ground out U3 (Groundball, 3L)
Batting: LHB José Corona 0-0: Ball
1-0: Called Strike
1-1: Ground out 3-1 (Groundball, 34)
Top of the 10th over - 0 run(s), 0 hit(s), 0 error(s), 0 left on base; Wizarding 6 - Boston 6
BOTTOM OF THE 10TH
Boston Patriots batting - Pitching for Wizarding Express : LHP Eijiro Takahashi
Batting: LHB Bill Chambers 0-0: Called Strike
0-1: Called Strike
0-2: Foul Ball, location: 2F
0-2: Fly out, F7 (Flyball, 7S)
Batting: LHB Timmy Appeldoorn 0-0: Ball
1-0: Ground out 6-3 (Groundball, 6)
Batting: RHB Miguel Márquez 0-0: Ball
1-0: Foul Ball, location: 2F
1-1: Ball
2-1: Called Strike
2-2: Ball
3-2: Base on Balls
Batting: RHB Terry Armstrong 0-0: Ball
1-0: Ball
2-0: Foul Ball, location: 2F
2-1: Foul Ball, location: 2F
2-2: Strikes out swinging
Bottom of the 10th over - 0 run(s), 0 hit(s), 0 error(s), 1 left on base; Wizarding 6 - Boston 6
TOP OF THE 11TH
Wizarding Express batting - Pitching for Boston Patriots : RHP Kirby Brown
Batting: LHB Nathan Tanner 0-0: Called Strike
0-1: DOUBLE (Line Drive, 78D)
Pinch Runner at 2nd Júlio Valentín:
Batting: SHB Fernando Sánchez 0-0: Called Strike
0-1: Swinging Strike
0-2: Ground out 4-3 (Groundball, 4M)
Júlio Valentín to third
Batting: RHB Rafael Arredondo 0-0: Called Strike
0-1: Ball
1-1: Ball
2-1: Called Strike
2-2: Foul Ball, location: 2F
2-2: SINGLE (Groundball, 34D)
Júlio Valentín scores
Batting: RHB Chi-ju Zhang 0-0: Foul Ball, location: 2F
0-1: Ball
1-1: Called Strike
1-2: Foul Ball, location: 2F
1-2: Fly out, F7 (Flyball, 78M)
Batting: RHB Teruo Nakayama 0-0: Called Strike
Rafael Arredondo is caught stealing 2nd base
Top of the 11th over - 1 run(s), 2 hit(s), 0 error(s), 0 left on base; Wizarding 7 - Boston 6
BOTTOM OF THE 11TH
Boston Patriots batting - Pitching for Wizarding Express : LHP Eijiro Takahashi
Pitching: LHP Dorian Daly
Now in LF: Júlio Valentín
Batting: LHB Alberto Enríquez 0-0: Called Strike
0-1: Ball
1-1: Foul Ball, location: 2F
1-2: Ball
2-2: Ball
3-2: Foul Ball, location: 2F
3-2: Base on Balls
Batting: RHB Tamasaburo Kato 0-0: Ball
1-0: Ball
2-0: Ball
3-0: Called Strike
3-1: Swinging Strike
3-2: Foul Ball, location: 2F
3-2: Foul Ball, location: 2F
3-2: Strikes out swinging
Batting: RHB John Downing 0-0: Foul Ball, location: 2F
0-1: Ball
1-1: Ball
2-1: Called Strike
2-2: Foul Ball, location: 2F
2-2: Strikes out swinging
Batting: RHB Karl Schultz 0-0: Called Strike
0-1: Ball
1-1: Foul Ball, location: 2F
1-2: Ball
2-2: Ball
3-2: SINGLE (Groundball, 4D)
Alberto Enríquez to second
Alberto Enríquez to third
Batting: SHB Jorge Velázquez 0-0: Called Strike
0-1: 3-RUN HOME RUN (Flyball, 78XD), Distance : 434 ft
Saturday, May 26th, 2018 - OOTP Baseball 17.12 Build 75